 Dungeon Crawl Stone Soup version 0.17-a0-802-g1f09329 (webtiles) character file.

90 Hanyuu the Insei (level 4, -4/28 HPs)
             Began as an Octopode Transmuter on Apr 26, 2015.
             Killed from afar by a goblin (9 damage)
             ... with a wand of magic darts
             ... on level 3 of the Dungeon.
             The game lasted 00:08:04 (2728 turns).

Hanyuu the Insei (Octopode Transmuter)              Turns: 2728, Time: 00:08:04

Health: -4/28      AC:  1    Str: 14    XL:     4   Next: 56%
Magic:  7/7        EV: 12    Int: 15    God:
Gold:   159        SH:  0    Dex: 13    Spells: 3 memorised, 1 level left

rFire  . . .     SeeInvis .       - Unarmed
rCold  + . .     Clarity  .     (no shield)
rNeg   . . .     SustAb   .     (helmet restricted)
rPois  .         Gourm    .     y - amulet of regeneration
rElec  .         Spirit   .     j - ring of protection from cold
rCorr  .         Warding  .     (no ring)
rMut   .         Stasis   .     (no ring)
MR     .....                    (no ring)
Stlth  ++........               (no ring)
                                (no ring)
                                (no ring)
                                (no ring)

@: mighty, hasted, very quick, not resistant to hostile enchantments, unstealthy
A: almost no armour, amphibious, 8 rings, constrict 8, camouflage 1, gelatinous
body 1
a: no special abilities


You were on level 3 of the Dungeon.
You were very full.

You visited 1 branch of the dungeon, and saw 3 of its levels.

You collected 159 gold pieces.

Inventory:

Hand weapons
 b - a +0 hunting sling
 f - a +0 whip
Missiles
 k - 29 poisoned needles
 o - 47 arrows
 u - 18 stones (quivered)
 w - 5 sling bullets
 x - 5 tomahawks
 B - 7 silver sling bullets
Armour
 D - a cursed +0 shield
Jewellery
 a - an uncursed amulet of the gourmand
 j - a ring of protection from cold (left tentacle)
 m - an uncursed ring of teleportation
 y - an amulet of regeneration (around mantle)
Scrolls
 p - 3 scrolls of identify
 q - a scroll of recharging {unknown}
 s - a scroll of teleportation {unknown}
 v - a scroll of immolation {unknown}
 A - a scroll of fear {unknown}
 C - a scroll of remove curse
Potions
 d - a potion of resistance
 h - a potion of curing {unknown}
 i - a potion of brilliance {unknown}
Books
 t - a book of Changes

   Spells                             Type                      Level
   a - Beastly Appendage              Transmutation                1
   b - Sticks to Snakes               Transmutation                2
   c - Spider Form                    Transmutation/Poison         3
   d - Ice Form                       Ice/Transmutation            4
   e - Blade Hands                    Transmutation                5
Comestibles
 c - 3 bread rations
 g - a meat ration
 r - a slice of pizza
 z - 4 chunks of flesh


   Skills:
 - Level 1.0 Fighting
 + Level 2.5 Dodging
 + Level 4.9 Unarmed Combat
 - Level 2.0 Spellcasting
 - Level 2.0 Transmutations


You had one spell level left.
You knew the following spells:

 Your Spells              Type           Power        Failure   Level  Hunger
a - Beastly Appendage     Trmt           #.....       12%         1    #......
b - Sticks to Snakes      Trmt           #.........   14%         2    ###....
c - Spider Form           Trmt/Pois      #.........   43%         3    ###....


Dungeon Overview and Level Annotations

Branches:
Dungeon (3/15)

Altars:
Ashenzari
Vehumet

Annotations:
D:3 Sigmund


Innate Abilities, Weirdness & Mutations

You cannot wear most types of armour.
You are amphibious.
You can wear up to eight rings at the same time.
You can use your tentacles to constrict eight enemies at once.
Your skin changes colour to match your surroundings (Stealth).
Your rubbery body absorbs attacks (AC +1).


Message History

Found 8 needles of confusion.
The goblin zaps a wand.
The magic dart hits you!
Sigmund gestures wildly while chanting.
Sigmund flickers and vanishes!
Deactivating autopickup; reactivate with Ctrl-A.
The goblin zaps a wand.
The magic dart hits you!
* * * LOW HITPOINT WARNING * * *
Read which item? (? for menu, Esc to quit)
As you read the scroll labeled MOIGOEFAARR, it crumbles to dust.
It is a scroll of identify.
Identify which item? (\ to view known items) (? for menu, Esc to quit)
d - a potion of resistance Drink which item? (? for menu, Esc to quit)
It was a potion of might.
You feel very mighty all of a sudden. The goblin barely misses you.
Drink which item? (? for menu, Esc to quit)
It was a potion of haste.
You feel yourself speed up.
The goblin zaps a wand.
The magic dart hits you!
You die...

..##.# ##.........## .
..##.###............
#.#.##.##...#.###..... #.
#.#.##.##...#.........
.#.##.#.##.##...#..#......
.......##......#..#..#...
....................><....
..##.#.g.........<#.#....
....##{..#@#######.........
........g#.# #..#......
.#...#!....# #.........
.........!# #.##.#....
#.#._.#..... +........#
.......#.### #.#.......
..(#...#.# #.#..#####
......#.# #.#..# ###.#.#
#.#..#


You could see a goblin.

Vanquished Creatures
  5 worms
  An orc (D:3)
  4 giant cockroaches
  8 hobgoblins
  4 jackals
  2 quokkas (D:2)
  A ball python (D:2)
  8 bats
  2 giant geckos
  4 giant newts
  16 goblins
  9 kobolds
  9 rats
73 creatures vanquished.

Notes
Turn   | Place    | Note
--------------------------------------------------------------
     0 | D:1      | Hanyuu, the Octopode Transmuter, began the quest for the Orb.
     0 | D:1      | Reached XP level 1. HP: 13/13 MP: 3/3
    90 | D:1      | Reached XP level 2. HP: 15/18 MP: 5/5
   391 | D:1      | Reached skill level 4 in Unarmed Combat
   735 | D:1      | Reached XP level 3. HP: 17/23 MP: 6/6
  1511 | D:2      | Learned a level 2 spell: Sticks to Snakes
  1515 | D:2      | Learned a level 3 spell: Spider Form
  1882 | D:2      | Reached XP level 4. HP: 28/28 MP: 7/7
  2097 | D:2      | Found a shattered altar of Ashenzari.
  2719 | D:3      | Found a radiant altar of Vehumet.
  2721 | D:3      | Noticed Sigmund
  2728 | D:3      | Killed from afar by a goblin

Action                   |  1- 3 |  4- 6 || total
-------------------------+-------+-------++-------
Melee: Whip              |    99 |    47 ||   146
       Unarmed           |     2 |     2 ||     4
 Fire: Hunting sling     |     7 |    26 ||    33
 Cast: Beastly Appendage |     1 |     2 ||     3
  Use: Scroll            |     1 |     1 ||     2
       Potion            |       |     2 ||     2
 Stab: Sleeping          |     7 |     3 ||    10
  Eat: Chunk             |    12 |     3 ||    15
